 Dungeon Crawl Stone Soup version 0.28-a0-1613-gdaab1c2f9b (webtiles) character file.

Game seed: 7472253934720322087

307 Gildeon the Digger (level 6, -1/32 HPs)
             Began as a Gargoyle Earth Elementalist on Jan 21, 2022.
             Slain by a wyvern zombie (8 damage)
             ... on level 4 of the Dungeon.
             The game lasted 00:13:34 (5215 turns).

Gildeon the Digger (Gargoyle Earth Elementalist)    Turns: 5215, Time: 00:13:35

Health: -1/32      AC:  7    Str: 11    XL:     6   Next: 40%
Magic:  3/9        EV: 12    Int: 18    God:
Gold:   143        SH:  0    Dex: 10    Spells: 3/9 levels left

rFire   . . .      SeeInvis .   j - +0 morningstar
rCold   . . .      Faith    .   (no shield)
rNeg    + . .      Spirit   .   b - +0 robe
rPois   ∞          Reflect  .   (no helmet)
rElec   +          Harm     .   (no cloak)
rCorr   .          Rampage  .   h - +0 pair of gloves
Will    .....                   (no boots)
Stlth   +++.......              (no amulet)
HPRegen 0.10/turn               (no ring)
MPRegen 0.11/turn               (no ring)

@: hasted, very quick
A: sickness immunity, AC +4, negative energy resistance 1, electricity
resistance, torment resistance 1, petrification resistance
a: no special abilities


You were on level 4 of the Dungeon.
You visited 1 branch of the dungeon, and saw 4 of its levels.
You also visited: Sewer.

You collected 143 gold pieces.

Inventory:

Hand Weapons
 j - a +0 morningstar (weapon)
Missiles
 c - 33 stones
 d - 26 poisoned darts
Armour
 b - a +0 robe (worn)
 h - a +0 pair of gloves (worn)
Wands
 i - a wand of paralysis (8)
Scrolls
 e - a scroll of blinking
 k - a scroll of summoning {unknown}
Potions
 a - 2 potions of mutation {unknown}
 f - a potion of lignification
 g - 4 potions of haste
 l - 2 potions of magic {unknown}
 m - a potion of invisibility {unknown}
 n - 2 potions of cancellation {unknown}
 o - a potion of resistance {unknown}
 p - a potion of heal wounds {unknown}


   Skills:
 + Level 3.3 Dodging
 + Level 4.8 Stealth
 - Level 2.0 Spellcasting
 + Level 2.1 Conjurations
 - Level 0.7 Transmutations
 - Level 5.0 Earth Magic


You had 3 spell levels left.
You knew the following spells:

 Your Spells              Type           Power      Damage    Failure   Level
a - Sandblast             Erth           38%        2d10      2%          1
b - Passwall              Tmut/Erth      10%        N/A       9%          2
c - Stone Arrow           Conj/Erth      28%        3d8       12%         3

Your spell library contained the following spells:

 Spells                   Type           Power      Damage    Failure   Level
 Petrify                  Tmut/Erth      12%        N/A       50%         4


Dungeon Overview and Level Annotations

Branches:
Dungeon (4/15)              Sewer (visited)
 Temple: D:4-7

Altars:
Qazlal
Yredelemnul

Shops:
D:3 (

Annotations:
D:4 Pikel


Innate Abilities, Weirdness & Mutations

You are immune to sickness and miasma.
Your stone body is resilient. (AC +4)
You are immune to poison.
You resist negative energy. (rN+)
You are resistant to electric shocks. (rElec)
You are resistant to unholy torment.
You are immune to petrification.


Message History

Casting: Sandblast (safe; 2% risk of failure)
Confirm with . or Enter, or press ? or * to list all spells.
Aiming: Sandblast (safe; 2% risk of failure)
Press: ? - help, Shift-Dir - straight line, f/p - wyvern zombie
Aim: a wyvern zombie (lightly damaged, 93% to hit)
The blast of sand hits the wyvern zombie!
The wyvern zombie is moderately damaged.
The wyvern zombie bites you! The wyvern zombie misses you.
Casting: Sandblast (safe; 2% risk of failure)
Confirm with . or Enter, or press ? or * to list all spells.
Aiming: Sandblast (safe; 2% risk of failure)
Press: ? - help, Shift-Dir - straight line, f/p - wyvern zombie
Aim: a wyvern zombie (moderately damaged, 93% to hit)
The blast of sand hits the wyvern zombie.
The wyvern zombie is heavily damaged.
The wyvern zombie barely misses you.
Casting: Sandblast (safe; 2% risk of failure)
Confirm with . or Enter, or press ? or * to list all spells.
Aiming: Sandblast (safe; 2% risk of failure)
Press: ? - help, Shift-Dir - straight line, f/p - wyvern zombie
Aim: a wyvern zombie (heavily damaged, 93% to hit)
The blast of sand hits the wyvern zombie but does no damage.
The wyvern zombie is heavily damaged.
The wyvern zombie completely misses you.
Casting: Sandblast (safe; 2% risk of failure)
Confirm with . or Enter, or press ? or * to list all spells.
The spell is quite dangerous to miscast (12% risk of failure)!
Continue anyway?
Okay, then.
Casting: Stone Arrow (quite dangerous; 12% risk of failure)
Confirm with . or Enter, or press ? or * to list all spells.
Aiming: Sandblast (safe; 2% risk of failure)
Press: ? - help, Shift-Dir - straight line, f/p - wyvern zombie
Aim: a wyvern zombie (heavily damaged, 93% to hit)
The blast of sand hits the wyvern zombie.
The wyvern zombie is heavily damaged.
The wyvern zombie bites you. The wyvern zombie bites you!
* * * LOW HITPOINT WARNING * * *
You feel yourself speed up. The wyvern zombie bites you!
You die...

###########
#.........#
#####.#######.#
##...#.#≈≈≈≈≈#.##
##......÷≈≈.≈≈#..#
#.......#≈≈≈≈≈#..##
#.......#######...#
#....@Z...........#
##.....##....###..#
#.......##...# #.##
#.......##...###.#####
#.....[...............
##.......#...########.
##.....###### #.
#.#.### #. #. ##


You could see a wyvern zombie.

Vanquished Creatures
  A kobold brigand (Sewer)
  Jessica (D:2)
  5 river rats (Sewer)
  6 adders
  An adder skeleton (D:4)
  A dart slug (D:1)
  6 orcs (D:3)
  11 ball pythons
  4 endoplasms
  4 giant cockroaches
  8 goblins
  4 hobgoblins
  2 jackals (D:2)
  2 quokkas (D:1)
  4 bats
  A frilled lizard (D:1)
  23 kobolds
  25 rats
109 creatures vanquished.

Notes
Turn   | Place    | Note
-------+----------+-------------------------------------------
     0 | D:1      | Gildeon the Gargoyle Earth Elementalist began the quest for
                  | the Orb.
     0 | D:1      | Reached XP level 1. HP: 10/10 MP: 3/3
   160 | D:1      | Reached XP level 2. HP: 15/15 MP: 1/5
   163 | D:1      | Learned a level 2 spell: Passwall
   275 | D:1      | Reached skill level 4 in Earth Magic
   500 | D:1      | Reached XP level 3. HP: 19/19 MP: 4/6
   504 | D:1      | Learned a level 3 spell: Stone Arrow
   971 | D:1      | Found a faded altar of an unknown god.
  1208 | D:2      | Noticed Jessica
  1212 | D:2      | Killed Jessica
  1213 | D:2      | Reached XP level 4. HP: 24/24 MP: 5/7
  2146 | D:3      | Found a stormy altar of Qazlal.
  2186 | D:3      | Found Hercher's Antique Weapon Shoppe.
  2569 | D:3      | Found a basalt altar of Yredelemnul.
  2610 | D:4      | Noticed Pikel
  2610 | D:4      | Noticed a lemure
  2610 | D:4      | Noticed a lemure
  2610 | D:4      | Noticed a lemure
  2611 | D:4      | Noticed a lemure
  2809 | D:4      | Reached XP level 5. HP: 25/28 MP: 8/8
  2904 | D:4      | Found a glowing drain.
  2931 | D:4      | Reached skill level 5 in Earth Magic
  2945 | Sewer    | Entered a sewer
  3690 | Sewer    | Reached skill level 1 in Conjurations
  4199 | Sewer    | Noticed a kobold brigand
  4204 | Sewer    | Killed a kobold brigand
  4205 | Sewer    | Reached XP level 6. HP: 28/32 MP: 3/9
  4734 | Sewer    | HP: 1/32 [kobold (1)]
  5215 | D:4      | Slain by a wyvern zombie

Illustrated notes

Levels and vault maps discovered:
D:1:      lemuel_arrival_broad_hall, layout_loops_cross,
          shapermc_ecumenical_altar_venn
D:2:      layout_basic, uniq_jessica
D:3:      layout_rooms, grunt_temple_overflow_open, serial_shops,
          nicolae_shop_statue_plus, chequers_arboretum, hangedman_decor_push
D:4:      layout_rooms, gup_sewer_entry_glass, uniq_pikel

Skill      XL: |  1  2  3  4  5 |
---------------+----------------+-----
Earth Magic    | 4 5 |  5.0
Dodging        | 2 3 |  3.3
Stealth        | 3 4 |  4.8
Conjurations   | 2 |  2.1
Spellcasting   | |  2.0
Transmutations | |  0.7

Action                   |  1- 3 |  4- 6 || total
-------------------------+-------+-------++-------
Melee: Club              |    11 |    49 ||    60
       Morningstar       |       |   193 ||   193
       Punch             |       |     5 ||     5
 Cast: Sandblast         |    41 |    48 ||    89
  Use: Scroll            |       |     4 ||     4
       Potion            |       |     1 ||     1
 Stab: Sleeping          |       |     4 ||     4
Armor: Robe              |     5 |   212 ||   217
Dodge: Dodged            |    11 |   351 ||   362

Table legend: (Time is in decaauts)
 A = Elapsed time spent in this place.
 B = Non-inter-level travel time spent in this place.
 C = Inter-level travel time spent in this place.
 D = Time resting spent in this place.
 E = Time spent auto-exploring this place.
 F = Levels seen in this place.
 G = Mean time per level.
                   A        B        C        D        E       F      G
               +--------+--------+--------+--------+--------+-----+--------+
         Total |   5351 |   5212 |    139 |   1195 |   2960 |   5 | 1070.2 |
       Dungeon |   2993 |   2854 |    139 |    106 |   2184 |   4 |  748.2 |
         Sewer |   2358 |   2358 |      0 |   1089 |    775 |   1 | 2358.0 |
               +--------+--------+--------+--------+--------+-----+--------+

Top non-repeatable levels by time:
   Sewer: 2358 daAuts
     D:1: 1159 daAuts
     D:2: 806 daAuts
     D:3: 675 daAuts
     D:4: 351 daAuts
